 Dungeon Crawl Stone Soup version 0.19.4-25-g1b72edd (webtiles) character file.

15096 vatarom the Slicer (level 12, 0/75 HPs)
             Began as a Kobold Assassin on Feb 28, 2017.
             Was a Follower of Uskayaw.
             Succumbed to a black mamba's poison
             ... on level 1 of the Lair of Beasts.
             The game lasted 00:28:51 (15152 turns).

vatarom the Slicer (Kobold Assassin)               Turns: 15152, Time: 00:28:52

Health: 0/75       AC: 13    Str: 10    XL:     12   Next: 53%
Magic:  18/18      EV: 18    Int: 12    God:    Uskayaw [*.....]
Gold:   415        SH:  0    Dex: 20    Spells: 1 memorised, 15 levels left

rFire  + . .     SeeInvis .     r - +2 dagger (elec)
rCold  . . .     Gourm    .     x - +0 ring mail of the Teacher {rElec MR+ Stlth+} (curse)
rNeg   . . .     Faith    .     (shield restricted)
rPois  .         Spirit   .     z - +1 helmet
rElec  +         Reflect  .     d - +1 cloak
rCorr  .         Harm     +     i - +0 pair of gloves
MR     +....                    (no boots)
Stlth  ++++++....               o - amulet of harm
                                u - ring of stealth
                                I - ring of protection from fire

@: lethally poisoned (0 -> -10), flying
A: carnivore 3
a: Stomp, Renounce Religion


You were on level 1 of the Lair of Beasts.
You worshipped Uskayaw.
Uskayaw was aware of your devotion.
You were very full.

You visited 3 branches of the dungeon, and saw 13 of its levels.
You also visited: Ossuary.

You collected 703 gold pieces.
You spent 288 gold pieces at shops.

Inventory:

Hand Weapons
 b - a +0 blowgun
 r - a +2 dagger of electrocution (weapon)
Missiles
 e - 52 poisoned needles
 f - a curare-tipped needle
 M - a throwing net (quivered)
Armour
 d - a +1 cloak (worn)
 i - a +0 pair of gloves (worn)
 x - the cursed +0 ring mail of the Teacher (worn) {rElec MR+ Stlth+}
   (You found it on level 7 of the Dungeon)

   It insulates you from electricity.
   It affects your resistance to hostile enchantments.
   It makes you more stealthy.
   It has a curse placed upon it.
 z - a +1 helmet (worn)
Jewellery
 m - an uncursed amulet of rage
 o - an amulet of harm (around neck)
 p - an uncursed ring of resist corrosion
 u - a ring of stealth (right hand)
 I - a ring of protection from fire (left hand)
Wands
 c - a wand of acid (7/15)
 v - a wand of enslavement (14/24)
 y - a wand of polymorph (19/24)
 B - a wand of confusion (31/48)
 D - a wand of flame (23/48)
 E - a wand of lightning (7/15)
 H - a wand of slowing (32/48)
 K - a wand of iceblast (5/15)
 P - a wand of lightning (4/15)
Scrolls
 k - 16 scrolls of identify
 n - 2 scrolls of recharging
 q - 2 scrolls of blinking
 s - 3 scrolls of enchant weapon
 w - 9 scrolls of teleportation
 A - 4 scrolls of remove curse
 G - a scroll of magic mapping
Potions
 l - a potion of might
 t - 3 potions of brilliance
 C - a potion of haste
 J - a potion of berserk rage
 N - a potion of resistance
 O - a potion of agility
Books
 L - a book of Battle

   Spells                             Type                      Level
   a - Infusion                       Charms                       1
   b - Shroud of Golubria             Charms/Translocation         2
   c - Song of Slaying                Charms                       2
   d - Spectral Weapon                Hexes/Charms                 3
   e - Regeneration                   Charms/Necromancy            3
Comestibles
 g - 6 meat rations
 h - 3 beef jerkies
 j - 2 slices of pizza


   Skills:
 - Level 8.3 Fighting
 - Level 10.2 Short Blades
 - Level 2.1 Throwing
 - Level 8.9 Armour
 - Level 7.7 Dodging
 - Level 10.0 Stealth
 - Level 3.8 Spellcasting
 - Level 3.7 Hexes
 + Level 8.1 Invocations


You had 15 spell levels left.
You knew the following spells:

 Your Spells              Type           Power        Failure   Level  Hunger
a - Spectral Weapon       Hex/Chrm       #.......     77%         3    ###....


Dungeon Overview and Level Annotations

Branches:
Dungeon (11/15)            Temple (1/1) D:7            Lair (1/6) D:8
    Orc: D:9-12

Altars:
Ashenzari
Cheibriados
Dithmenos
Elyvilon
Fedhas
Gozag
Hepliaklqana
Kikubaaqudgha
Makhleb
Nemelex Xobeh
Okawaru
Qazlal
Ru
Sif Muna
Trog
Uskayaw
Vehumet
Xom
Yredelemnul
Zin
The Shining One

Shops:
D:9 (:

Portals:
Trove: D:10 (give +5 demon blade)


Innate Abilities, Weirdness & Mutations

You are small and have problems with some larger weapons.
You are carnivorous and can eat meat at any time.


Message History

You feel sick.
* * * LOW HITPOINT WARNING * * *
You feel very sick.
* * * LOW HITPOINT WARNING * * *
You feel sick.
* * * LOW HITPOINT WARNING * * *
You feel sick.
* * * LOW HITPOINT WARNING * * *
You feel sick.
* * * LOW HITPOINT WARNING * * *
You feel sick.
* * * LOW HITPOINT WARNING * * *
You feel sick.
* * * LOW HITPOINT WARNING * * *
You feel sick.
* * * LOW HITPOINT WARNING * * *
You feel sick.
* * * LOW HITPOINT WARNING * * *
You feel sick.
You die...

#..P.##....+
#..<.......#
#(.........#####..
#.................
#...............#.
#...............#
#.....#.#.+#....#
#...#..†........#
#...#..@......#.P.
#.........#...
#.........# ..
#.........#
#..........
..........#
.#.........#
..####...##.#


There were no monsters in sight!

Vanquished Creatures
  The ghost of vatarom the Zephyrmancer, a novice TeAE of Vehumet (D:8)
  3 hill giants
  Pikel (D:8)
  A cyclops (D:11)
  An elephant (D:8)
  The ghost of vatarom the Chopper, a novice HOMo of Ru (D:4)
  Joseph (D:8)
  Psyche (D:8)
  A black mamba (Lair:1)
  A kobold demonologist (D:11)
  A troll (D:10)
  A merfolk (D:9)
  2 two-headed ogres
  A hornet (D:9)
  Prince Ribbit (D:5)
  A hippogriff (D:9)
  A wyvern (D:11)
  15 yaks
  2 hungry ghosts (D:8)
  Menkaure (D:4)
  2 orc warriors
  2 water moccasins
  3 sky beasts
  4 ice beasts
  2 black bears (D:7)
  3 phantoms
  6 centaurs
  6 ogres
  A crocodile (D:8)
  3 big kobolds
  5 bullfrogs
  2 elf zombies (Ossuary)
  A gnoll sergeant (D:8)
  4 scorpions
  2 wyvern skeletons (D:9)
  A water moccasin zombie (D:11)
  9 killer bees
  5 wights (D:10)
  2 bullfrog zombies
  3 crimson imps
  A centaur zombie (D:10)
  5 quasits
  10 hounds
  3 orc priests
  5 jellies
  11 orc wizards
  2 bullfrog skeletons
  4 centaur skeletons
  10 worker ants
  2 killer bee zombies
  A big kobold zombie (Ossuary)
  2 hound zombies
  4 mummies (Ossuary)
  19 gnolls
  3 worker ant zombies
  11 adders
  2 shadow imps
  An ooze (D:4)
  An adder skeleton (D:6)
  2 worms
  10 dart slugs (D:4)
  6 leopard geckos
  34 orcs
  3 giant cockroaches
  5 goblins
  7 hobgoblins
  14 jackals
  19 kobolds
  8 quokkas
  3 bats
  4 frilled lizards
  2 goblin zombies (Ossuary)
  A hobgoblin zombie (Ossuary)
  2 jackal zombies (Ossuary)
  3 kobold zombies (Ossuary)
  A leopard gecko skeleton (D:4)
  A quokka zombie (D:6)
  2 rats (D:2)
328 creatures vanquished.

Vanquished Creatures (others)
  A two-headed ogre (D:8)
  2 slaves (D:8)
  2 centaurs (D:8)
  A bullfrog (D:8)
  An orc wizard (D:8)
  A jelly (D:8)
  3 iguanas (D:8)
  A worker ant zombie (D:8)
  A howler monkey skeleton (D:8)
  A leopard gecko (D:8)
  A jackal (D:8)
15 creatures vanquished.

Grand Total: 343 creatures vanquished

Notes
Turn   | Place    | Note
-------+----------+-------------------------------------------
     0 | D:1      | vatarom the Kobold Assassin began the quest for the Orb.
     0 | D:1      | Reached XP level 1. HP: 12/12 MP: 1/1
   125 | D:1      | Gained mutation: Your system is resistant to poisons. (rPois) [potion of mutation]
   125 | D:1      | Gained mutation: You are dopey. (Int -2) [potion of mutation]
   125 | D:1      | Gained mutation: Your flesh is heat resistant. (rF+) [potion of mutation]
   425 | D:1      | Reached XP level 2. HP: 17/17 MP: 2/2
   935 | D:2      | Reached XP level 3. HP: 20/21 MP: 3/3
  1002 | D:2      | Reached XP level 4. HP: 10/26 MP: 4/4
  2386 | D:2      | Reached XP level 5. HP: 27/30 MP: 5/5
  2779 | D:3      | Reached skill level 5 in Short Blades
  2797 | D:3      | Reached XP level 6. HP: 28/35 MP: 6/6
  3378 | D:4      | Noticed vatarom's ghost (novice HOMo)
  3420 | D:4      | Killed vatarom's ghost
  3420 | D:4      | Reached XP level 7. HP: 14/40 MP: 7/7
  3901 | D:4      | Reached XP level 8. HP: 40/45 MP: 8/8
  4025 | D:4      | Found a white marble altar of Elyvilon.
  4633 | D:4      | Noticed Menkaure
  4638 | D:4      | Killed Menkaure
  4653 | D:5      | Entered Level 5 of the Dungeon
  4828 | D:5      | Found a stormy altar of Qazlal.
  4829 | D:5      | Noticed an air elemental
  4885 | D:5      | Found a glowing golden altar of the Shining One.
  4914 | D:5      | Noticed Prince Ribbit
  4920 | D:5      | Killed Prince Ribbit
  4920 | D:5      | Reached skill level 5 in Fighting
  5230 | D:5      | Reached XP level 9. HP: 48/55 MP: 9/9
  5572 | D:6      | Found a shadowy altar of Dithmenos.
  5733 | D:6      | Found a sand-covered staircase.
  5738 | Ossuary  | Entered an ossuary
  5829 | Ossuary  | Reached skill level 10 in Stealth
  7746 | D:7      | Reached skill level 1 in Armour
  8090 | D:7      | Reached XP level 10. HP: 28/64 MP: 10/10
  8424 | D:7      | Found a staircase to the Ecumenical Temple.
  8430 | Temple   | Entered the Ecumenical Temple
  8528 | Temple   | Became a worshipper of Uskayaw the Reveler
  8589 | D:7      | Reached * piety under Uskayaw
  8594 | D:7      | Reached ** piety under Uskayaw
  8617 | D:7      | Reached *** piety under Uskayaw
  8842 | D:8      | Noticed Pikel
  8882 | D:8      | Killed Pikel
  8882 | D:8      | Reached skill level 5 in Armour
  8932 | D:8      | Found a staircase to the Lair.
  8932 | D:8      | Noticed an elephant
  8993 | D:8      | Killed an elephant
  8994 | D:8      | Reached **** piety under Uskayaw
  9418 | D:8      | Reached ***** piety under Uskayaw
  9538 | D:8      | Noticed vatarom's ghost (novice TeAE)
  9939 | D:8      | Found a shimmering altar of Xom.
 10054 | D:7      | Got a faintly glowing ring mail
 10065 | D:7      | Identified the cursed +0 ring mail of the Teacher {rElec MR+ Stlth+} (You found it on level 7 of the Dungeon)
 10231 | D:8      | Killed vatarom's ghost
 10400 | D:8      | Noticed Psyche
 10502 | D:8      | Killed Psyche
 10502 | D:8      | Reached XP level 11. HP: 46/69 MP: 11/11
 10610 | D:8      | Lost mutation: You are dopey. (Int -2) [potion of cure mutation]
 10610 | D:8      | Lost mutation: Your system is resistant to poisons. (rPois) [potion of cure mutation]
 10610 | D:8      | Lost mutation: Your flesh is heat resistant. (rF+) [potion of cure mutation]
 10762 | D:8      | Noticed Joseph
 10778 | D:8      | Killed Joseph
 11249 | D:9      | Reached skill level 10 in Short Blades
 11315 | D:9      | Reached skill level 5 in Dodging
 11434 | D:9      | Learned a level 3 spell: Spectral Weapon
 11487 | D:9      | Found Mej Reo's Antique Weapon Shop.
 11585 | D:9      | Reached skill level 1 in Spellcasting
 11585 | D:9      | Reached skill level 1 in Hexes
 11918 | D:9      | Found Omuymp's Book Boutique.
 12164 | D:10     | Entered Level 10 of the Dungeon
 12275 | D:10     | Noticed a hill giant
 12297 | D:10     | Killed a hill giant
 12727 | D:10     | Noticed a hill giant
 12745 | D:10     | Killed a hill giant
 13272 | D:10     | Reached XP level 12. HP: 75/75 MP: 17/17
 13321 | D:10     | Reached skill level 1 in Invocations
 13400 | D:10     | Found a portal to a secret trove of treasure.
 13682 | D:9      | Reached ****** piety under Uskayaw
 13693 | D:9      | Bought a glowing dagger for 288 gold pieces
 14056 | D:10     | Reached skill level 5 in Invocations
 15105 | Lair:1   | Entered Level 1 of the Lair of Beasts
 15149 | Lair:1   | HP: 3/75 [poisoned by a black mamba]
 15151 | Lair:1   | HP: 1/75 [poisoned by a black mamba]
 15152 | Lair:1   | Succumbed to a black mamba's poison

Skill      XL: |  1  2  3  4  5  6  7  8  9 10 11 12 |
---------------+-------------------------------------+-----
Dodging        | 2 3 4 7 |  7.7
Short Blades   | 3 5 9 10 | 10.2
Fighting       | 5 8 |  8.3
Stealth        | 8 10 | 10.0
Armour         | 3 8 |  8.9
Spellcasting   | 3 |  3.8
Hexes          | 3 |  3.7
Invocations    | 8 |  8.1
Throwing       | |  2.1

Action                   |  1- 3 |  4- 6 |  7- 9 | 10-12 || total
-------------------------+-------+-------+-------+-------++-------
Melee: Dagger            |    49 |   313 |   655 |  1148 ||  2165
 Fire: Blowgun           |    10 |       |    21 |     1 ||    32
Throw: Throwing net      |       |     1 |       |     1 ||     2
Invok: Line Pass         |       |       |       |     3 ||     3
       Stomp             |       |       |       |     3 ||     3
Evoke: Wand              |       |       |     1 |       ||     1
  Use: Potion            |     4 |     6 |    12 |     6 ||    28
       Scroll            |     2 |     5 |     8 |     4 ||    19
 Stab: Sleeping          |     1 |     5 |    19 |    26 ||    51
       Distracted        |       |       |     2 |     5 ||     7
       Invisible         |       |       |     1 |     1 ||     2
       Paralysed         |       |       |       |    35 ||    35
       Confused          |       |       |       |     1 ||     1
  Eat: Chunk             |     2 |    14 |    16 |    31 ||    63
Armor: Robe              |     6 |    38 |    99 |    54 ||   197
       Ring mail         |       |       |       |   139 ||   139
Dodge: Dodged            |    45 |   226 |   365 |   508 ||  1144
